 Dungeon Crawl Stone Soup version 0.25-a0-294-gea9b1ad378 (webtiles) character file.

Game seed: 16711452792773174600, levelgen mode: deterministic

51 Redear the Skirmisher (level 3, 0/29 HPs)
             Began as a Mummy Monk on Dec 19, 2019.
             Slain by a hobgoblin
             ... wielding a +0 club
              (6 damage)
             ... on level 2 of the Dungeon.
             The game lasted 00:01:08 (2125 turns).

Redear the Skirmisher (Mummy Monk)                  Turns: 2125, Time: 00:01:08

Health: 0/29       AC:  0    Str: 14    XL:     3   Next: 58%
Magic:  3/3        EV: 13    Int:  9    God:
Gold:   53         SH:  0    Dex: 15    Spells: 2/2 levels left

rFire    x . .     SeeInvis .     - Unarmed
rCold    + . .     Gourm    .   (no shield)
rNeg     + + +     Faith    .   (no armour)
rPois    ∞         Spirit   .   (no helmet)
rElec    .         Reflect  .   (no cloak)
rCorr    .         Harm     .   (no gloves)
MR       .....                  (no boots)
Stlth    ++........             (no amulet)
HPRegen  0.09/turn              (no ring)
MPRegen  0.08/turn              (no ring)

@: no status effects
A: no food or potions, fire vulnerability, cold resistance 1, negative energy
resistance 3, torment resistance, unbreathing
a: no special abilities


You were on level 2 of the Dungeon.
You were not hungry.

You visited 1 branch of the dungeon, and saw 2 of its levels.

You collected 53 gold pieces.

Inventory:

Scrolls
 a - a scroll of identify {unknown}


   Skills:
 + Level 3.6 Fighting
 + Level 2.9 Dodging
 - Level 1.5 Stealth
 + Level 3.0 Unarmed Combat


You had 2 spell levels left.
You didn't know any spells.
Your spell library was empty.

Dungeon Overview and Level Annotations

Branches:
Dungeon (2/15)

Altars:
Wu Jian


Innate Abilities, Weirdness & Mutations

You do not eat or drink.
Your flesh is vulnerable to fire.
You are immune to poison.
Your flesh is cold resistant. (rC+)
You are immune to negative energy. (rN+++)
You are immune to unholy pain and torment.
You can survive without breathing.


Message History

You closely miss the hobgoblin.
The hobgoblin is heavily wounded.
The hobgoblin hits you with a +0 club.
* * * LOW HITPOINT WARNING * * *
You take 4 damage, and have 6/29 hp.
Press: ? - help, v - describe, . - travel
Here: a hobgoblin, wielding a +0 club (heavily wounded)
The floor.
Unknown command.
Unknown command.
Unknown command.
Unknown command.
Unknown command.
You hit the hobgoblin.
The hobgoblin is almost dead.
The hobgoblin barely misses you.
You barely miss the hobgoblin.
The hobgoblin is almost dead.
The hobgoblin hits you with a +0 club.
You die...

..##.#.# #.# #.##.#.# ##.##
#.##.#.#########...#####
#######.##.........)...#......
.............####..###...#####
######.##.#.# #..# ##.## #
##.##...# #..# #.#
.##.#####..####.####..## #.#
.........#......@g...... ..#
###.#####.####........## ###
#.# #..####.... #.# #..# .##
#.# #..# ..# #... ### ##..#
#...


You could see a hobgoblin.

Vanquished Creatures
  A worm (D:2)
  3 dart slugs (D:1)
  A ball python (D:1)
  4 giant cockroaches
  6 goblins
  5 hobgoblins (D:1)
  6 kobolds
  6 bats
  4 frilled lizards
  5 rats
41 creatures vanquished.

Notes
Turn   | Place    | Note
-------+----------+-------------------------------------------
     0 | D:1      | Redear the Mummy Monk began the quest for the Orb.
     0 | D:1      | Reached XP level 1. HP: 18/18 MP: 1/1
   243 | D:1      | Reached XP level 2. HP: 6/24 MP: 2/2
  1259 | D:1      | Reached XP level 3. HP: 29/29 MP: 3/3
  1913 | D:2      | Found an ornate altar of the Wu Jian Council.
  2106 | D:2      | Reached skill level 3 in Unarmed Combat
  2125 | D:2      | Slain by a hobgoblin

Levels and vault maps discovered:
D:1:      dpeg_arrival_shrine, layout_basic, minivault_24
D:2:      kennysheep_the_goblin_king, layout_loops_ring, lemuel_crystal_altar,
          hangedman_decor_riveting

Skill      XL: |  1  2  3 |
---------------+----------+-----
Unarmed Combat | 3 |  3.0
Fighting       | |  3.6
Dodging        | |  2.9
Stealth        | |  1.5

Action                   || total
-------------------------++-------
Melee: Unarmed           ||   131
       Punch             ||     2
 Stab: Sleeping          ||     6
Dodge: Dodged            ||    73

Table legend:
 A = Non-vault XP
 B = Vault XP
 C = Vault XP percentage of total XP
 D = Non-vault monster count
 E = Vault monster count
 F = Vault count percentage of total count
                 A         B        C        D         E       F
            +---------+---------+-------+---------+---------+-------
      Total |      74 |       0 |   0.0 |      41 |       0 |   0.0
            +---------+---------+-------+---------+---------+-------
        D:1 |      54 |       0 |   0.0 |      29 |       0 |   0.0
        D:2 |      20 |       0 |   0.0 |      12 |       0 |   0.0
            +---------+---------+-------+---------+---------+-------
